 Dungeon Crawl Stone Soup version 0.18.1-48-g4cf74bf (webtiles) character file.

47 Joat the Ruffian (level 3, -1/33 HPs)
             Began as a Ghoul Berserker on July 30, 2016.
             Slain by a gnoll
             ... wielding a +0 flail
              (12 damage)
             ... on level 2 of the Dungeon.
             The game lasted 00:06:18 (893 turns).

Joat the Ruffian (Ghoul Berserker)                   Turns: 893, Time: 00:06:19

Health: -1/33      AC:  4    Str: 19    XL:     3   Next: 70%
Magic:  2/2        EV: 12    Int:  3    God:
Gold:   71         SH:  0    Dex:  9    Spells: 0 memorised, 2 levels left

rFire  . . .     SeeInvis .       - Unarmed
rCold  + . .     Gourm    .     h - +0 leather armour
rNeg   + + +     Faith    .     (no shield)
rPois  ∞         Spirit   .     d - +0 helmet
rElec  .         Dismiss  .     (no cloak)
rCorr  .         Reflect  .     (no gloves)
SustAt .         Harm     .     (no boots)
MR     .....                    (no amulet)
Stlth  +.........               (no ring)
                                (no ring)

@: rotting, not resistant to hostile enchantments, very unstealthy
A: rotting body, claws 1, carnivore 3, cold resistance 1, negative energy
resistance 3, slow regeneration 1, torment resistance, unbreathing
a: no special abilities


You were on level 2 of the Dungeon.
You were not hungry.

You visited 1 branch of the dungeon, and saw 2 of its levels.

You collected 71 gold pieces.

Inventory:

Missiles
 e - 26 stones (quivered)
Armour
 d - a +0 helmet (worn)
 h - a +0 leather armour (worn)
Scrolls
 a - a scroll of enchant armour {unknown}
 c - a scroll of noise {unknown}
 i - a scroll of identify {unknown}
 k - a scroll of enchant weapon {unknown}
Potions
 g - a potion of degeneration {unknown}
 j - a potion of haste {unknown}
Comestibles
 f - a slice of pizza


   Skills:
 + Level 3.7 Fighting
 + Level 1.9 Armour
 + Level 2.5 Dodging
 + Level 4.0 Unarmed Combat


You had 2 spell levels left.
You didn't know any spells.

Dungeon Overview and Level Annotations

Branches:
Dungeon (2/15)

Altars:


Innate Abilities, Weirdness & Mutations

Your body is rotting away.
You thrive on raw meat.
You are immune to poison.
You have sharp fingernails.
You are carnivorous and can eat meat at any time.
Your flesh is cold resistant.
You are immune to negative energy.
You regenerate slowly when monsters are visible.
You are immune to unholy pain and torment.
You can survive without breathing.


Message History

The gnoll hits you from afar with a spear.
The gnoll barely misses you.
You scratch the gnoll but do no damage.
The gnoll hits you from afar with a spear.
The gnoll closely misses you.
You scratch the gnoll.
The gnoll is lightly wounded.
The gnoll hits you from afar with a spear!
The gnoll misses you. The kobold hits you.
You scratch the gnoll but do no damage.
The gnoll is lightly wounded.
The gnoll hits you but does no damage. The gnoll closely misses you.
The kobold hits you.
Eat which item? (? for menu, Esc to quit)
The gnoll hits you with a flail.
You continue eating.
The gnoll barely misses you. The kobold hits you.
You continue eating.
The gnoll hits you with a flail!
You die...

# #...... .............
###...... ............
#........ ...........#####
.##.###...# .....?.........#
..#.# ##### ............ #.#
#.#.# ### ..........#
#.###.#.# ##...
#......#.(####...#.#.###....
..........K@.....$..........
##.......ggK................
...#..<...g............÷....
##............###.....<.....
###..........# ####........
#########..# #.###.... ##.#
#.# ..... #... ..# .....
##### #### ...?.


You could see 3 gnolls and 2 kobolds.

Vanquished Creatures
  An adder (D:2)
  An ooze (D:1)
  A dart slug (D:2)
  2 giant geckos
  A giant cockroach (D:1)
  5 goblins (D:1)
  3 hobgoblins
  6 kobolds
  6 bats
  A giant newt (D:2)
  A rat (D:1)
28 creatures vanquished.

Notes
Turn   | Place    | Note
--------------------------------------------------------------
     0 | D:1      | Joat the Ghoul Berserker began the quest for the Orb.
     0 | D:1      | Reached XP level 1. HP: 19/19 MP: 0/0
     0 | D:1      | Fell from the grace of Trog
   221 | D:1      | Reached XP level 2. HP: 20/26 MP: 1/1
   633 | D:1      | Reached XP level 3. HP: 18/31 MP: 2/2
   756 | D:2      | Reached skill level 4 in Unarmed Combat
   893 | D:2      | Slain by a gnoll

Skill      XL: |  1  2  3 |
---------------+----------+-----
Dodging        | 2 |  2.5
Unarmed Combat | 4 |  4.0
Fighting       | |  3.7
Armour         | |  1.9

Action                   || total
-------------------------++-------
Melee: Unarmed           ||    77
Invok: Renounce Religion ||     1
  Eat: Chunk             ||    20
       Meat ration       ||     1
Armor: Animal skin       ||    19
       Leather armour    ||     4
Dodge: Dodged            ||    57
